 Dungeon Crawl Stone Soup version 0.25.1-2-g60ff931df9 (webtiles) character file.

Game seed: 13967753767332530875

37 Martska the Changer (level 3, -3/31 HPs)
             Began as a Naga Transmuter on Oct 13, 2020.
             Slain by a gnoll
             ... wielding a +0 spear
              (10 damage)
             ... on level 2 of the Dungeon.
             The game lasted 00:03:04 (1418 turns).

Martska the Changer (Naga Transmuter)               Turns: 1418, Time: 00:03:05

Health: -3/31      AC:  3    Str: 12    XL:     3   Next: 39%
Magic:  4/6        EV: 10    Int: 14    God:
Gold:   34         SH:  0    Dex: 11    Spells: 2/6 levels left

rFire    . . .     SeeInvis +   c - +0 short sword (freeze)
rCold    . . .     Gourm    .   (no shield)
rNeg     . . .     Faith    .   b - +0 robe
rPois    +         Spirit   .   (no helmet)
rElec    .         Reflect  .   (no cloak)
rCorr    .         Harm     .   g - +0 pair of gloves
MR       .....                  (no barding)
Stlth    +.........             (no amulet)
HPRegen  0.10/turn              (no ring)
MPRegen  0.10/turn              (no ring)

@: very slow
A: large, see invisible, deformed body, poison resistance, slowness 2, slow
metabolism 1, spit poison 1, AC +1
a: Spit Poison


You were on level 2 of the Dungeon.
You were hungry.

You visited 1 branch of the dungeon, and saw 2 of its levels.

You collected 34 gold pieces.

Inventory:

Hand Weapons
 c - a +0 short sword of freezing (weapon)
Missiles
 a - 12 arrows
Armour
 b - a +0 robe (worn)
 g - a +0 pair of gloves (worn)
 h - a +0 cloak
Scrolls
 e - a scroll of identify {unknown}
 i - a scroll of blinking {unknown}
Potions
 f - a potion of brilliance {unknown}
 j - a potion of heal wounds {unknown}
Comestibles
 d - 5 rations


   Skills:
 - Level 1.0 Fighting
 - Level 1.5 Dodging
 - Level 3.0 Unarmed Combat
 + Level 2.3 Spellcasting
 * Level 3.3 Transmutations


You had 2 spell levels left.
You knew the following spells:

 Your Spells              Type           Power        Failure   Level  Hunger
a - Beastly Appendage     Tmut           ##....       6%          1    #......
b - Spider Form           Tmut/Pois      #.........   34%         3    ###....

Your spell library contained the following spells:

 Spells                   Type           Power        Failure   Level  Hunger
 Sticks to Snakes         Tmut           ##......     9%          2    ###....
 Ice Form                 Ice/Tmut       #.......     75%         4    #####..
 Blade Hands              Tmut           ##........   85%         5    ######.


Dungeon Overview and Level Annotations

Branches:
Dungeon (2/15)

Altars:


Innate Abilities, Weirdness & Mutations

You cannot wear boots.
Your serpentine skin is tough. (AC +1)
You have supernaturally acute eyesight. (SInv)
Armour fits poorly on your strangely shaped body.
Your system is resistant to poisons. (rPois)
You cover ground very slowly.
You have a slow metabolism.
You can spit poison.


Message History

The worm is heavily wounded.
The gnoll hits you from afar with a +0 spear.
The gnoll hits you with a +0 whip.
You bite the gnoll!
You kill the gnoll!
You kill the worm!
The gnoll closely misses you. The gnoll barely misses you.
You see here a +0 whip.
You hit the gnoll but do no damage.
The gnoll is poisoned.
The gnoll hits you with a +0 spear!
* * * LOW HITPOINT WARNING * * *
You hit the gnoll.
The gnoll looks as sick as possible!
The gnoll is moderately wounded.
Your transformation has ended.
Your +0 short sword of freezing unmelds from your body.
Your +0 pair of gloves unmelds from your body.
Your +0 robe unmelds from your body.
Your +0 short sword of freezing glows with a cold blue light!
The gnoll hits you with a +0 spear!
You die...

# # # # # # + # ########
...
#########......####.....
........+......$@gg.....
#########.....†####.....
#########......# ...
...............# .
.........#####.#
########.# #>#
..<...##.# #.#
#.##..##.# #.#
.......#.#


You could see 2 gnolls.

Vanquished Creatures
  A gnoll (D:2)
  2 worms (D:2)
  3 goblins (D:1)
  3 hobgoblins (D:1)
  3 jackals (D:1)
  A kobold (D:1)
  3 bats (D:1)
  2 frilled lizards (D:1)
  3 rats (D:1)
21 creatures vanquished.

Notes
Turn   | Place    | Note
-------+----------+-------------------------------------------
     0 | D:1      | Martska the Naga Transmuter began the quest for the Orb.
     0 | D:1      | Reached XP level 1. HP: 18/18 MP: 3/3
   560 | D:1      | Reached XP level 2. HP: 20/25 MP: 5/5
  1095 | D:2      | Reached XP level 3. HP: 10/31 MP: 6/6
  1305 | D:2      | Learned a level 3 spell: Spider Form
  1418 | D:2      | Slain by a gnoll

Illustrated notes

Levels and vault maps discovered:
D:1:      minmay_arrival_diagonal_passages, layout_basic
D:2:      layout_basic, lemuel_crystal_altar, bloody_trog

Skill      XL: |  1  2 |
---------------+-------+-----
Transmutations | 3 |  3.3
Fighting       | |  1.0
Dodging        | |  1.5
Unarmed Combat | |  3.0
Spellcasting   | |  2.3

Action                   || total
-------------------------++-------
Melee: Short sword       ||    55
       Unarmed           ||     8
       Punch             ||     1
 Cast: Spider Form       ||     1
 Abil: Spit Poison       ||     3
Armor: Robe              ||    21
Dodge: Dodged            ||    55
